 Dungeon Crawl Stone Soup version 0.24-a0-208-g17bec22d17 (webtiles) character file.

Game seed: 17824171685240011839

88016 M4edhros the Force of Nature (level 15, -2/103 HPs)
             Began as an Octopode Artificer on Mar 27, 2019.
             Was the Champion of Fedhas.
             Slain by a spatial maelstrom (3 damage)
             ... on level 2 of the Abyss on Mar 29, 2019.
             The game lasted 01:31:32 (26019 turns).

M4edhros the Force of Nature (Octopode Artificer)  Turns: 26019, Time: 01:31:33

Health: -2/103     AC:  8    Str: 19      XL:     15   Next: 92%
Magic:  24/24      EV: 27    Int: 27 (29) God:    Fedhas [******]
Gold:   2012       SH:  6    Dex: 23 (26) Spells: 15/23 levels left

rFire    . . .     SeeInvis .   k - +8 flail "Orb Guardian's Doom" {pain, Int+4}
rCold    . . .     Gourm    .   p - +0 buckler "Ytameul" {Str+3}
rNeg     . . .     Faith    .   (helmet restricted)
rPois    +         Spirit   .   g - amulet of rage
rElec    .         Reflect  .   X - +4 ring of protection
rCorr    .         Harm     .   Q - ring of protection from magic
MR       ++...                  W - ring "Nillahovemn" {Str+5 Int+3 Dex+3 Stlth+}
Stlth    ++++++++..             F - +5 ring of dexterity
HPRegen  0.27/turn              l - ring "Copt" {Wiz Int+5}
MPRegen  0.19/turn              U - +3 ring of evasion
                                b - +3 ring of slaying
                                n - ring of Imepoystro {rPois AC+3 Int+4}

@: about to teleport, hasted, very quick
A: almost no armour, stealthy swim, amphibious, 8 rings, constrict 8, camouflage
1, deterioration 1, weak 1, gelatinous body 1
a: Fungal Bloom, Sunlight, Evolution, Growth, Reproduction, Rain, Renounce
Religion, Evoke Berserk Rage


You were on level 2 of the Abyss.
You worshipped Fedhas.
Fedhas was exalted by your worship.
You were very hungry.

You visited 4 branches of the dungeon, and saw 24 of its levels.
You visited the Abyss 1 time.
You also visited: Sewer.

You collected 2720 gold pieces.
You spent 708 gold pieces at shops.

Inventory:

Hand Weapons
 a - the +6 dagger of Honaj {venom, Fragile +Fly rPois Int-5 Dex+8, unknown}
   (You found it on level 2 of the Abyss)

   It poisons the flesh of those it strikes.
   It affects your intelligence (-5).
   It affects your dexterity (+8).
   It protects you from poison.
   It lets you fly.
   It will be destroyed if unequipped.
 j - a +5 hunting sling of venom
 k - the +8 flail "Orb Guardian's Doom" (weapon) {pain, Int+4}
   (You found it on level 4 of the Dungeon)

   In the hands of one skilled in necromantic magic, it inflicts extra damage on
   living creatures.
   It affects your intelligence (+4).
 C - a +0 blowgun
Missiles
 t - 399 stones (quivered)
 v - 55 sling bullets
 D - 63 poisoned needles
Armour
 p - the +0 buckler "Ytameul" (worn) {Str+3}
   (You acquired it on level 6 of the Lair of Beasts)

   It affects your strength (+3).
Jewellery
 b - a +3 ring of slaying (on tentacle)
 g - an amulet of rage (around mantle)
 l - the ring "Copt" (on tentacle) {Wiz Int+5}
   (You found it on level 15 of the Dungeon)

   [ring of wizardry]

   It improves your spell success rate.
   It affects your intelligence (+5).
 n - the ring of Imepoystro (on tentacle) {rPois AC+3 Int+4}
   (You acquired it on level 2 of the Orcish Mines)

   [ring of protection]

   It affects your AC (+3).
   It affects your intelligence (+4).
   It protects you from poison.
 x - a cursed -3 ring of protection
 F - a +5 ring of dexterity (on tentacle)
 Q - a ring of protection from magic (right tentacle)
 U - a +3 ring of evasion (on tentacle)
 W - the ring "Nillahovemn" (on tentacle) {Str+5 Int+3 Dex+3 Stlth+}
   (You found it on level 2 of the Lair of Beasts)

   [ring of strength]

   It affects your strength (+5).
   It affects your intelligence (+3).
   It affects your dexterity (+3).
   It makes you more stealthy.
 X - a +4 ring of protection (left tentacle)
 Y - an uncursed ring of ice
Wands
 c - a wand of enslavement (6)
 y - a wand of polymorph (10)
 H - a wand of clouds (1)
 J - a wand of flame (59)
Scrolls
 d - a scroll of fear
 i - 2 scrolls of magic mapping
 m - 9 scrolls of enchant armour
 q - 2 scrolls of teleportation
 s - 2 scrolls of fog
 u - a scroll of silence
 A - 2 scrolls of brand weapon
 K - a scroll of holy word
 M - 3 scrolls of identify
 R - a scroll of vulnerability {unknown}
Potions
 e - 2 potions of curing
 h - 3 potions of agility
 o - 6 potions of resistance
 r - 4 potions of cancellation
 w - 5 potions of might
 z - 2 potions of flight
 B - 2 potions of ambrosia
 E - 2 potions of mutation {unknown}
 L - 2 potions of heal wounds {unknown}
 P - a potion of degeneration {unknown}
 S - 2 potions of brilliance
 Z - a potion of invisibility {unknown}
Miscellaneous
 G - a phial of floods
 N - a sack of spiders
 O - a box of beasts
 V - a fan of gales
Comestibles
 f - 32 rations


   Skills:
 - Level 10.2 Fighting
 - Level 1.0 Short Blades
 - Level 11.2 Maces & Flails
 * Level 2.1 Slings
 + Level 11.7 Dodging
 - Level 12.3 Stealth
 - Level 4.5 Shields
 - Level 4.5 Spellcasting
 - Level 4.4 Charms
 - Level 6.1 Necromancy
 * Level 4.0 Transmutations
 + Level 13.1 Invocations
 - Level 10.3 Evocations


You had 15 spell levels left.
You knew the following spells:

 Your Spells              Type           Power        Failure   Level  Hunger
a - Regeneration          Chrm/Necr      ####......   1%          3    ##.....
b - Blade Hands           Tmut           ####......   16%         5    #####..

Your spell library contained the following spells:

 Spells                   Type           Power        Failure   Level  Hunger
 Animate Skeleton         Necr           N/A          1%          1    None
 Beastly Appendage        Tmut           ####..       1%          1    None
 Pain                     Necr           ####         1%          1    None
 Sticks to Snakes         Tmut           ####....     1%          2    None
 Vampiric Draining        Necr           #####.....   1%          3    ##.....
 Animate Dead             Necr           N/A          2%          4    ####...
 Flame Tongue             Conj/Fire      #....        3%          1    None
 Magic Dart               Conj           #...         3%          1    None
 Searing Ray              Conj           #.....       4%          2    None
 Throw Flame              Conj/Fire      #.....       4%          2    None
 Spider Form              Tmut/Pois      ###.......   4%          3    ##.....
 Conjure Flame            Conj/Fire      #.......     9%          3    ##.....
 Dazzling Spray           Conj/Hex       #.....       9%          3    ##.....
 Inner Flame              Hex/Fire       #.......     9%          3    ##.....
 Recall                   Summ/Tloc      N/A          9%          3    ##.....
 Ice Form                 Ice/Tmut       ###.....     13%         4    ####...
 Borgnjor's Vile Clutch   Necr/Erth      ###.......   24%         5    #####..
 Force Lance              Conj/Tloc      #.......     28%         4    ####...
 Fulminant Prism          Conj/Hex       #.........   28%         4    ####...
 Iskenderun's Mystic Bla  Conj           #.......     28%         4    ####...
 Sticky Flame             Conj/Fire      #.......     28%         4    ####...
 Iskenderun's Battlesphe  Conj/Chrm      ###.....     32%         5    #####..
 Death Channel            Necr           #####.....   34%         6    #######
 Bolt of Magma            Conj/Fire/Erth #.........   61%         5    #####..
 Fireball                 Conj/Fire      #.........   61%         5    #####..
 Venom Bolt               Conj/Pois      #.........   61%         5    #####..
 Simulacrum               Ice/Necr       ###.......   75%         6    #######
 Iron Shot                Conj/Erth      #.........   98%         6    #######
 Orb of Destruction       Conj           #.........   100%        7    #######
 Spellforged Servitor     Conj/Summ      #.........   100%        7    #######


Dungeon Overview and Level Annotations

Branches:
Dungeon (15/15)            Temple (1/1) D:4            Lair (6/6) D:10
  Swamp (0/4) Lair:2        Snake (0/4) Lair:4        Slime (0/5) Lair:6
    Orc (2/2) D:12            Elf (0/3) Orc:2        Vaults (0/5) D:13
 Depths: D:15

Altars:
Ashenzari
Cheibriados
Dithmenos
Elyvilon
Fedhas
Gozag
Hepliaklqana
Kikubaaqudgha
Makhleb
Nemelex Xobeh
Okawaru
Qazlal
Ru
Sif Muna
Trog
Uskayaw
Vehumet
Xom
Yredelemnul
Zin
The Shining One
Beogh
Jiyva

Shops:
Orc:1 :   Orc:2 =(*:?%:

Portals:
Trove: D:12 (give 6 scrolls of blinking)

Annotations:
D:13 2 transporters, Zero's ghost, journeyman GrBe


Innate Abilities, Weirdness & Mutations

You cannot wear most types of armour.
You are very stealthy in the water. (Stealth+)
You are amphibious.
You can wear up to eight rings at the same time.
You can use your tentacles to constrict eight enemies at once.
Your skin changes colour to match your surroundings (Stealth+).
Your rubbery body absorbs attacks. (AC +1, EV +1)
Your body sometimes deteriorates upon taking damage.
You are weak. (Str -2)


Message History

The Hell Sentinel gestures at you.
The sphere of damnation explodes!
The damnation engulfs you!!!
* * * LOW HITPOINT WARNING * * *
You hear a bellow!
Something shouts, "Slither away, thou lumpish spur-galled dandiprat!"
You hear a bellow!
Okay, then.
Something closely misses you.
You feel better. Something misses you.
Deactivating autopickup; reactivate with Ctrl-A.
You hit something. Something hits you.
* * * LOW HITPOINT WARNING * * *
Okay, then.
Evoke which item? (* to show all) (? for menu, Esc to quit)
Okay, then.
You feel yourself speed up. Something hits you.
* * * LOW HITPOINT WARNING * * *
The spatial maelstrom misses you. The spatial maelstrom hits you.
You die...
Fedhas appreciates your contribution to the ecosystem.

# ## # . . # # ..
.#.... . # ..# #
#..#. ..# . # # .
.#.#.#.≈≈≈ # ### # ##
#...#.§≈≈ ##
#..#.≈.≈≈ #....
#..v.≈.≈≈ .
.##########..≈≈≈# ..
.. .#. .# #.#@v##....
#. .. #.###.#........
##..#.#.....1##.....#
....##......#.#....
##.. #......# . ... #
###...##.## .. ..
........#..# .. #
##.....#..##### ...
...#...§.....#


You could see a Hell Sentinel and a spatial maelstrom.

Vanquished Creatures
  Jorgrun (D:13)
  Kirke (D:13)
  An orc warlord (Orc:1)
  A lorocyproca (Abyss:2)
  Azrael (D:13)
  2 dire elephants (Lair:6)
  A rakshasa (D:15)
  A vault guard (D:13)
  5 hydras
  Fannar (Lair:3)
  Harold (D:8)
  5 centaur warriors
  An anaconda (Lair:6)
  A two-headed ogre (D:8)
  A tengu warrior (D:15)
  An orc high priest (Orc:2)
  A thrashing horror (Abyss:2)
  3 skeletal warriors (D:14)
  A wretched star (Abyss:2)
  3 unseen horrors
  Pikel (D:6)
  4 lindwurms (D:12)
  2 orc knights
  3 tengu conjurers
  2 manticores
  A deep elf mage (D:15)
  3 orc sorcerers
  10 ugly things
  2 cyclopes
  23 elephants
  2 black mambas
  14 spiny frogs
  2 rime drakes
  A kobold demonologist (D:11)
  A freezing wraith (D:14)
  6 komodo dragons
  3 trolls
  4 polar bears (Lair:6)
  3 blink frogs (Lair:6)
  17 hippogriffs
  A shadow (D:15)
  2 wraiths
  A wyvern (Lair:6)
  A ynoxinul (Abyss:2)
  9 humans (D:13)
  A vampire (D:15)
  2 fire elementals (D:13)
  25 yaks
  2 basilisks
  2 hogs (D:13)
  A hungry ghost (D:12)
  A steam dragon (D:10)
  3 wargs
  A harpy simulacrum (D:15)
  2 swamp worms (Lair:2)
  2 acid dragons (D:14)
  16 water moccasins
  9 porcupines
  2 hell hounds (D:13)
  5 small abominations (Abyss:2)
  6 ice beasts
  A hornet zombie (D:13)
  22 orc warriors
  4 sky beasts
  A slave (D:6)
  3 ogres
  4 black bears
  An eye of draining (D:12)
  4 phantoms
  3 starcursed masses (Abyss:2)
  10 wolves
  18 centaurs
  A big kobold (D:8)
  15 crocodiles
  3 wandering mushrooms
  17 bullfrogs
  A wyvern skeleton (D:6)
  2 scorpions
  An electric eel (Lair:2)
  A wight (D:9)
  3 howler monkeys
  6 crimson imps
  A bullfrog zombie (D:12)
  2 quasits (Abyss:2)
  5 hounds
  4 bullfrog skeletons
  9 orc priests
  6 centaur skeletons
  3 jellies
  12 orc wizards
  An iron imp (Abyss:2)
  4 hell rats (Lair:4)
  3 iguanas
  11 worker ants
  3 hound skeletons
  6 gnolls
  A howler monkey skeleton (D:5)
  9 adders
  2 river rats (D:5)
  5 shadow imps
  A white imp (Abyss:2)
  An ooze (D:3)
  4 worms
  A dart slug (D:2)
  4 leopard geckos
  50 orcs
  4 giant cockroaches
  6 hobgoblins
  2 jackals (Sewer)
  7 quokkas
  3 ball pythons
  6 bats
  3 frilled lizards
  6 goblins
  A jackal skeleton (D:4)
  23 kobolds
  3 leopard gecko skeletons
  3 quokka skeletons (D:4)
  8 rats
575 creatures vanquished.

Vanquished Creatures (collateral kills)
  2 dire elephants (Lair:6)
  2 hydras (Lair:5)
  2 two-headed ogres
  Sonja (Orc:2)
  An unseen horror (D:14)
  7 orc knights (Orc:2)
  A deep elf mage (D:12)
  A cyclops (D:14)
  2 orc sorcerers (Orc:2)
  A manticore (D:12)
  2 centaur skeletons
  A komodo dragon (D:11)
  A tengu conjurer (D:14)
  4 trolls
  Prince Ribbit (D:8)
  A hippogriff (D:8)
  12 yaks
  A hungry ghost (D:11)
  4 wargs (Orc:2)
  An acid dragon (D:12)
  27 orc warriors
  2 sky beasts
  5 ogres
  An ice beast (D:10)
  3 centaurs (D:14)
  2 big kobolds
  2 bullfrogs
  A water moccasin skeleton (D:10)
  A wyvern skeleton (D:9)
  4 wights (D:9)
  A crimson imp (D:5)
  A hound (D:5)
  A jelly (D:7)
  3 orc priests (Orc:1)
  3 orc wizards
  A bullfrog skeleton (D:12)
  2 iguanas
  2 adders
  A gnoll (D:7)
  34 orcs
  2 jackals (D:6)
  3 kobolds
  A ballistomycete spore (Lair:1)
151 creatures vanquished.

Vanquished Creatures (others)
  A vault guard (D:13)
  A hydra (Lair:4)
  A centaur warrior (D:14)
  A wolf spider zombie (D:14)
  A human (D:13)
  2 centaurs (D:14)
  4 worker ant zombies (D:4)
  A giant cockroach zombie (D:4)
  13 wandering mushrooms
  A ballistomycete spore (D:10)
  7 bushes
  31 fungi
  18 plants
  7 starspawn tentacles (Abyss:2)
  632 toadstools
721 creatures vanquished.

Grand Total: 1447 creatures vanquished

Notes
Turn   | Place    | Note
-------+----------+-------------------------------------------
     0 | D:1      | M4edhros the Octopode Artificer began the quest for the
                  | Orb.
     0 | D:1      | Reached XP level 1. HP: 13/13 MP: 3/3
   172 | D:2      | Reached XP level 2. HP: 12/18 MP: 4/4
   839 | D:3      | Reached XP level 3. HP: 23/23 MP: 4/6
   907 | D:4      | Got a crude flail
   908 | D:4      | Identified the +8 flail "Orb Guardian's Doom" {pain, Int+4}
                  | (You found it on level 4 of the Dungeon)
   913 | D:4      | Reached XP level 4. HP: 21/28 MP: 7/7
   919 | D:4      | Found a staircase to the Ecumenical Temple.
   931 | Temple   | Entered the Ecumenical Temple
   972 | Temple   | Became a worshipper of Xom of Unknown Intention
  1483 | Temple   | Fell from the grace of Xom
  1483 | Temple   | Became a worshipper of Fedhas Madash
  1860 | D:1      | Reached * piety under Fedhas
  2085 | D:1      | XOM: medium Air miscast
  2176 | D:2      | Reached skill level 1 in Maces & Flails
  2268 | D:2      | XOM: summons 4 hostile shadow creatures
  2625 | D:2      | Reached skill level 1 in Invocations
  2781 | D:3      | XOM: mild Air miscast
  2852 | D:3      | Reached XP level 5. HP: 30/33 MP: 8/8
  3187 | D:4      | XOM: mild Conj miscast
  3258 | D:4      | Reached ** piety under Fedhas
  3389 | D:4      | Reached skill level 2 in Invocations
  3404 | D:4      | Noticed an ogre
  3407 | D:4      | Killed an ogre
  3407 | D:4      | Reached XP level 6. HP: 29/38 MP: 9/9
  3420 | D:4      | XOM: 2-stop teleportation journey
  3438 | D:4      | Reached skill level 5 in Stealth
  3438 | D:4      | Reached skill level 3 in Invocations
  3606 | D:4      | Reached skill level 5 in Evocations
  3693 | D:5      | Entered Level 5 of the Dungeon
  3742 | D:5      | Reached XP level 7. HP: 34/43 MP: 10/10
  3819 | D:5      | Noticed Edmund
  3990 | D:5      | Found a glowing drain.
  3998 | Sewer    | Entered a sewer
  4011 | Sewer    | Reached *** piety under Fedhas
  4176 | D:5      | Reached skill level 4 in Invocations
  4191 | D:5      | Noticed Edmund
  4191 | D:5      | Edmund changed into Edmund the ice beast
  4191 | D:5      | XOM: polymorph Edmund -> Edmund the ice beast
  4194 | D:5      | Killed Edmund the ice beast
  4347 | D:5      | XOM: noise
  4434 | D:5      | Reached XP level 8. HP: 35/48 MP: 12/12
  4874 | D:6      | Noticed Pikel
  4887 | D:6      | Killed Pikel
  4887 | D:6      | Reached skill level 5 in Invocations
  4916 | D:6      | Reached skill level 5 in Maces & Flails
  5180 | D:6      | XOM: divination: detect creatures
  5316 | D:6      | XOM: medium Ice miscast
  5398 | D:7      | Found an opulent altar of Gozag.
  5456 | D:7      | XOM: mild Chrm miscast
  5586 | D:7      | Reached XP level 9. HP: 53/56 MP: 13/13
  5724 | D:7      | Reached **** piety under Fedhas
  5774 | D:7      | Reached skill level 6 in Invocations
  5796 | D:7      | XOM: harmless Necr miscast
  5836 | D:7      | XOM: silly message
  6084 | D:8      | Noticed Prince Ribbit
  6084 | D:8      | Noticed a two-headed ogre
  6089 | D:8      | Killed Prince Ribbit
  6122 | D:8      | Killed a two-headed ogre
  6225 | D:8      | XOM: silly message
  6310 | D:8      | Reached skill level 5 in Dodging
  6318 | D:8      | Noticed Harold
  6328 | D:8      | Killed Harold
  6328 | D:8      | Reached skill level 5 in Fighting
  6328 | D:8      | Reached skill level 7 in Invocations
  6328 | D:8      | Reached XP level 10. HP: 49/66 MP: 15/15
  6458 | D:8      | XOM: harmless Chrm miscast
  6716 | D:8      | XOM: divination: detect items
  6822 | D:8      | XOM: silly message
  6994 | D:8      | XOM: silly message
  7221 | D:9      | Learned a level 3 spell: Regeneration
  7298 | D:9      | XOM: mild Summ miscast
  7568 | D:9      | Reached skill level 1 in Shields
  7830 | D:9      | XOM: polymorph wandering mushroom -> oklob plant
  7858 | D:10     | Entered Level 10 of the Dungeon
  7892 | D:10     | Found a staircase to the Lair.
  7893 | D:10     | Noticed an elephant
  7897 | D:10     | Reached skill level 8 in Invocations
  7925 | D:10     | Killed an elephant
  8059 | D:10     | Reached XP level 11. HP: 70/72 MP: 17/17
  8179 | D:10     | Noticed a two-headed ogre
  8188 | D:10     | Killed a two-headed ogre
  8257 | D:10     | XOM: mild Conj miscast
  8523 | D:10     | XOM: mild Conj miscast
  8822 | D:10     | XOM: mild Fire miscast
  8894 | D:11     | XOM: noise
  9538 | D:11     | XOM: give mutations
  9538 | D:11     | Gained mutation: You are weak. (Str -2) [Xom's mischief]
  9538 | D:11     | Gained mutation: Your body sometimes deteriorates upon
                  | taking damage. [Xom's mischief]
  9621 | D:11     | Reached ***** piety under Fedhas
  9827 | D:11     | Reached skill level 9 in Invocations
  9910 | D:12     | XOM: noise
  9916 | D:12     | Noticed a deep elf mage
  9934 | D:12     | Found a staircase to the Orcish Mines.
  9941 | D:12     | Found a stormy altar of Qazlal.
  9948 | D:12     | Noticed a manticore
  9958 | D:12     | Killed a manticore
 10006 | D:12     | Noticed an unseen horror
 10011 | D:12     | Killed an unseen horror
 10048 | D:12     | Killed a deep elf mage
 10137 | D:12     | Noticed a two-headed ogre
 10153 | D:12     | Killed a two-headed ogre
 10252 | D:12     | XOM: medium Erth miscast
 10252 | D:12     | Was forgiven by Xom
 10376 | D:12     | Noticed a lindwurm
 10460 | D:12     | Killed a lindwurm
 10463 | D:12     | Noticed a lindwurm
 10468 | D:12     | Noticed a lindwurm
 10471 | D:12     | Killed a lindwurm
 10471 | D:12     | Reached XP level 12. HP: 66/81 MP: 19/19
 10713 | D:12     | Found a portal to a secret trove of treasure.
 10894 | Orc:1    | Entered Level 1 of the Orcish Mines
 10899 | Orc:1    | Noticed an orc warlord
 10909 | Orc:1    | Noticed a sun demon
 10915 | Orc:1    | Killed an orc warlord
 10922 | Orc:1    | Reached skill level 10 in Stealth
 11402 | Orc:2    | Entered Level 2 of the Orcish Mines
 11402 | Orc:2    | Found Uxeuma's Book Boutique.
 11405 | Orc:2    | Found Belouje's Food Shop.
 11438 | Orc:1    | Reached skill level 10 in Invocations
 12290 | Orc:2    | Found a staircase to the Elven Halls.
 12477 | Orc:2    | Noticed Sonja
 12502 | Orc:2    | Killed Sonja
 12617 | Orc:2    | Found a roughly hewn altar of Beogh.
 12625 | Orc:2    | Found Goirch's Weapon Shop.
 12625 | Orc:2    | Found Adghaxy's Assorted Antiques.
 12700 | Orc:2    | Reached ****** piety under Fedhas
 12746 | Orc:2    | Found Uzotis's Jewellery Emporium.
 12754 | Orc:2    | Bought a +3 ring of slaying for 585 gold pieces
 12791 | Orc:2    | Found Feuttael's Book Shop.
 12791 | Orc:2    | Found Myampon's Magic Scroll Shoppe.
 12869 | Orc:2    | Noticed an orc high priest
 12876 | Orc:2    | Reached XP level 13. HP: 83/89 MP: 20/20
 12886 | Orc:2    | Found a roughly hewn altar of Beogh.
 12927 | Orc:2    | Bought a scroll of fear for 45 gold pieces
 12927 | Orc:2    | Bought a scroll of fog for 26 gold pieces
 12927 | Orc:2    | Bought a scroll of identify for 26 gold pieces
 12927 | Orc:2    | Bought a scroll of identify for 26 gold pieces
 12928 | Orc:2    | Identified a scroll of acquirement
 12932 | Orc:2    | Got a steaming marble ring
 12933 | Orc:2    | Identified the ring of Imepoystro {rPois AC+3 Int+4} (You
                  | acquired it on level 2 of the Orcish Mines)
 13273 | Orc:1    | Found a roughly hewn altar of Beogh.
 13462 | Lair:1   | Entered Level 1 of the Lair of Beasts
 13854 | Lair:1   | Reached skill level 10 in Maces & Flails
 14287 | Lair:2   | Got a smoking lapis lazuli ring
 14289 | Lair:2   | Identified the ring "Nillahovemn" {Str+5 Int+3 Dex+3
                  | Stlth+} (You found it on level 2 of the Lair of Beasts)
 14774 | Lair:2   | Found a staircase to the Swamp.
 15048 | Lair:3   | Reached skill level 1 in Charms
 15076 | Lair:3   | Reached skill level 1 in Spellcasting
 15076 | Lair:3   | Reached skill level 11 in Invocations
 15099 | Lair:3   | Reached skill level 1 in Necromancy
 15288 | Lair:3   | Noticed Fannar
 15301 | Lair:3   | Killed Fannar
 16047 | Lair:4   | Found a staircase to the Snake Pit.
 16127 | Lair:4   | You fall through a shaft!
 16330 | Lair:5   | Reached XP level 14. HP: 42/97 MP: 22/22
 16685 | Lair:5   | Reached skill level 10 in Dodging
 17520 | Lair:6   | Entered Level 6 of the Lair of Beasts
 17939 | Lair:6   | Got a jewelled buckler
 17952 | Lair:6   | Identified the +0 buckler "Ytameul" {Str+3} (You acquired
                  | it on level 6 of the Lair of Beasts)
 18031 | Lair:6   | Reached skill level 10 in Fighting
 18261 | Lair:6   | Noticed a dire elephant
 18261 | Lair:6   | Noticed a dire elephant
 18279 | Lair:6   | Killed a dire elephant
 18299 | Lair:6   | Killed a dire elephant
 18375 | Lair:6   | Noticed a dire elephant
 18385 | Lair:6   | Noticed a dire elephant
 18420 | Lair:6   | Killed a dire elephant
 18606 | Lair:6   | Noticed a dire elephant
 18661 | Lair:6   | Killed a dire elephant
 18763 | Lair:6   | Reached skill level 12 in Invocations
 18884 | Lair:6   | Found a staircase to the Slime Pits.
 18884 | Lair:6   | Found a viscous altar of Jiyva.
 19350 | D:13     | Found a transporter.
 19350 | D:13     | Identified the +6 great mace "Kong" {flame, rN+ MR+ Stlth+}
 19350 | D:13     | Noticed a fire giant
 19352 | D:13     | Noticed Zero's ghost (journeyman GrBe)
 19357 | D:13     | Found a transporter.
 19867 | D:13     | Reached skill level 10 in Evocations
 19910 | D:13     | Noticed Azrael
 19941 | D:13     | Killed Azrael
 19941 | D:13     | Reached skill level 5 in Necromancy
 19994 | D:13     | Noticed Kirke
 20006 | D:13     | Killed Kirke
 20006 | D:13     | Reached XP level 15. HP: 85/103 MP: 24/24
 20063 | D:13     | Noticed Jorgrun
 20287 | D:13     | Found a gate to the Vaults.
 20444 | D:13     | Killed Jorgrun
 21599 | D:14     | Learned a level 5 spell: Blade Hands
 21672 | D:15     | Entered Level 15 of the Dungeon
 21841 | D:15     | Reached skill level 1 in Transmutations
 21861 | D:15     | Got a bound marble ring
 21863 | D:15     | Identified the ring "Copt" {Wiz Int+5} (You found it on
                  | level 15 of the Dungeon)
 22527 | D:15     | Upgraded the game from 0.24-a0-203-gf0bc1e94ae to
                  | 0.24-a0-208-g17bec22d17
 22771 | D:11     | Reached skill level 13 in Invocations
 25246 | D:15     | Reached skill level 1 in Slings
 25396 | D:15     | Cast into level 2 of the Abyss (a wizard)
 25396 | Abyss:2  | Found a corrupted altar of Lugonu.
 25471 | Abyss:2  | Found an ancient bone altar of Kikubaaqudgha.
 25474 | Abyss:2  | Found a basalt altar of Yredelemnul.
 25492 | Abyss:2  | Got a slimy dagger
 25562 | Abyss:2  | Noticed a tentacled starspawn
 25955 | Abyss:2  | Noticed a tentacled starspawn
 25982 | Abyss:2  | Noticed a tentacled starspawn
 26008 | Abyss:2  | Noticed a Hell Sentinel
 26015 | Abyss:2  | HP: 2/103 [Hell Sentinel/damnation (41)]
 26019 | Abyss:2  | Slain by a spatial maelstrom

Levels and vault maps discovered:
D:1:      minmay_arrival_cross, layout_basic, kennysheep_pointless_box
D:2:      layout_rooms
D:3:      layout_basic, serial_bayou_lake_a
D:4:      layout_loops_cross, minmay_temple_entry_grid, serial_undead,
          serial_undead_b, serial_undead_a, serial_undead_e, serial_undead_a
D:5:      layout_loops_ring, first_ration, lightli_sewer_entry_pipes,
          kennysheep_generic_room_4, uniq_edmund
D:6:      layout_rooms, serial_co_window_serial, co_window_paths_a,
          co_window_cross_1, co_window_corner_a, co_window_paths_a,
          co_window_of_opportunity_a, co_window_paths_b, co_window_corner_a,
          co_window_paths_a, co_window_paths_b, co_window_corner_b,
          co_window_broadway_a, co_window_unsneaky_path_e,
          co_window_unsneaky_path_e, co_window_4corner_b, co_window_paths_e,
          glass_columns_c, glass_columns_a, glass_columns_b, glass_columns_c,
          uniq_pikel
D:7:      layout_basic, nicolae_gozag_seed_capital
D:8:      layout_basic, uniq_prince_ribbit1, uniq_harold
D:9:      layout_big_octagon
D:10:     layout_irregular_city, david_lair_generic
D:11:     layout_loops_cross
D:12:     layout_irregular_city, orc_0_dummy, basic_altar,
          nicolae_trove_entry_crossroad, grunt_pizzeria, minmay_lindwurm_lava
D:13:     layout_irregular_city, ximxim_vaults_locker_room,
          gammafunk_ghost_smash, uniq_jorgrun, uniq_azrael, uniq_kirke
D:14:     layout_long_grid, serial_park_square1 [serial_park_minivault_5x5_8]
D:15:     grunt_enter_depths_magical_seal, layout_irregular_city
Temple:   grunt_wide_crystal_templ
Lair:1:   layout_chaotic_city
Lair:2:   layout_chaotic_city, minmay_swamp_entry_worms, serial_rivers,
          chequers_serial_rivers_small_b, chequers_serial_rivers_marsh,
          chequers_serial_rivers_micro_b, chequers_serial_rivers_small_b,
          chequers_serial_rivers_micro_a, chequers_serial_rivers_micro_a,
          serial_bayou_pond_c, patterned_corridor
Lair:3:   layout_regular_city, uniq_fannar
Lair:4:   layout_hall_layers, dummy_snake_entry, chequers_serial_rivers_large_b,
          grunt_megastairs_4
Lair:5:   layout_loops_ring, lemuel_fruit_tree, infiniplex_staircase_pool_2
Lair:6:   due_jungle_book, layout_regular_city, slime_altar_1, minmay_hedge_maze
Orc:1:    layout_caves, nicolae_orc_lost_temple
Orc:2:    st_orc_town, layout_caves, serial_shops, shop, nicolae_shop_stone,
          nicolae_shop_stone, kennysheep_orc_chapel, uniq_sonja
Abyss:2:  hangedman_abyss_or_decor_stagger
Sewer:    sewer_the_crocodile

Skill      XL: |  1  2  3  4  5  6  7  8  9 10 11 12 13 14 15 |
---------------+----------------------------------------------+-----
Stealth        | 2 3 4 5 6 7 8 9 10 11 12 | 12.3
Evocations     | 4 5 6 7 8 9 10 | 10.3
Maces & Flails | 1 2 3 4 5 6 7 8 9 10 11 | 11.2
Invocations    | 1 2 3 4 5 7 8 9 10 11 12 13 | 13.1
Fighting       | 3 5 6 7 8 9 10 | 10.2
Dodging        | 3 5 6 7 8 9 10 11 | 11.7
Shields        | 1 3 4 |  4.5
Charms         | 2 3 4 |  4.4
Spellcasting   | 2 3 4 |  4.5
Necromancy     | 2 5 6 |  6.1
Transmutations | 4 |  4.0
Slings         | 2 |  2.1
Short Blades   | |  1.0

Action                   |  1- 3 |  4- 6 |  7- 9 | 10-12 | 13-15 || total
-------------------------+-------+-------+-------+-------+-------++-------
Melee: Short sword       |    40 |       |       |       |       ||    40
       Constrict         |     9 |    24 |    39 |    52 |   118 ||   242
       Tentacles         |     7 |    12 |    29 |    98 |   331 ||   477
       Flail             |     2 |   102 |   146 |   340 |  1002 ||  1592
 Fire: Hunting sling     |       |       |       |       |    45 ||    45
 Cast: Regeneration      |       |       |       |     1 |    37 ||    38
Invok: Fungal Bloom      |       |    27 |    21 |    54 |    55 ||   157
       Sunlight          |       |     1 |     2 |     4 |     8 ||    15
       Evolution         |       |     1 |     3 |    10 |     7 ||    21
       Reproduction      |       |       |       |     1 |     1 ||     2
       Rain              |       |       |       |     2 |       ||     2
       Growth            |       |       |       |     1 |       ||     1
 Abil: Evoke Flight      |       |       |       |     1 |       ||     1
Evoke: Wand              |     5 |     5 |    16 |    30 |    54 ||   110
  Use: Scroll            |     1 |     7 |       |     7 |    28 ||    43
       Potion            |       |       |       |     6 |     7 ||    13
 Stab: Sleeping          |     4 |    18 |    11 |    14 |    39 ||    86
       Confused          |       |       |     2 |     4 |     4 ||    10
       Distracted        |       |       |     1 |     7 |    10 ||    18
       Paralysed         |       |       |     1 |       |       ||     1
  Eat: Chunk             |       |     8 |     5 |    20 |    36 ||    69
       Ration            |       |       |     1 |     1 |     3 ||     5
Armor: Skin              |     6 |     9 |     6 |     7 |   139 ||   167
Dodge: Dodged            |    23 |    55 |    98 |   178 |   812 ||  1166
Block: Buckler           |       |     1 |    43 |    96 |   392 ||   532

Table legend:
 A = Non-vault XP
 B = Vault XP
 C = Vault XP percentage of total XP
 D = Non-vault monster count
 E = Vault monster count
 F = Vault count percentage of total count
                 A         B        C        D         E       F
            +---------+---------+-------+---------+---------+-------
      Total |   99510 |   26228 |  20.9 |     589 |     132 |  18.3
            +---------+---------+-------+---------+---------+-------
        D:1 |      36 |       0 |   0.0 |      23 |       0 |   0.0
        D:2 |      58 |       0 |   0.0 |      18 |       0 |   0.0
        D:3 |      74 |       0 |   0.0 |      14 |       0 |   0.0
        D:4 |     286 |     115 |  28.7 |      11 |      10 |  47.6
        D:5 |     358 |     190 |  34.7 |      13 |       8 |  38.1
        D:6 |     402 |     480 |  54.4 |      12 |       1 |   7.7
        D:7 |     871 |       0 |   0.0 |      31 |       0 |   0.0
        D:8 |    2246 |    1173 |  34.3 |      26 |       2 |   7.1
        D:9 |    1176 |       0 |   0.0 |      27 |       0 |   0.0
       D:10 |    2926 |     761 |  20.6 |      27 |       4 |  12.9
       D:11 |    3945 |       0 |   0.0 |      30 |       0 |   0.0
       D:12 |    3871 |    2714 |  41.2 |      23 |       5 |  17.9
       D:13 |    3553 |   10176 |  74.1 |      19 |      19 |  50.0
       D:14 |   14742 |       0 |   0.0 |      56 |       0 |   0.0
       D:15 |   12312 |       0 |   0.0 |      41 |       0 |   0.0
     Lair:1 |    2982 |       0 |   0.0 |      18 |       0 |   0.0
     Lair:2 |    3970 |     325 |   7.6 |      18 |       2 |  10.0
     Lair:3 |    4570 |     991 |  17.8 |      20 |       1 |   4.8
     Lair:4 |    2895 |     433 |  13.0 |      19 |       1 |   5.0
     Lair:5 |   12091 |       0 |   0.0 |      35 |       0 |   0.0
     Lair:6 |   15351 |    2812 |  15.5 |      41 |       5 |  10.9
      Orc:1 |    3887 |       0 |   0.0 |      38 |       0 |   0.0
      Orc:2 |    2536 |    5947 |  70.1 |      13 |      68 |  84.0
    Abyss:2 |    4372 |       0 |   0.0 |      16 |       0 |   0.0
      Sewer |       0 |     111 | 100.0 |       0 |       6 | 100.0
            +---------+---------+-------+---------+---------+-------
